Map: Ephemeron LE

Players

puCK (Nina) - Winner!

  • Race: Protoss Protoss
  • Spawn Location: 11:00

Vindicta

  • Race: Terran Terran
  • Spawn Location: 5:00

VOD

Have the link to the VOD?

Description

Time

  • Played on: Sept. 6, 2019, 1:31 p.m.
  • Length: 21:13
Show
View Real Time Build Order
Export as new Build Order

puCK Protoss - Winner!

Build Orders: 1 Gate Expand, Blink Stalkers 

Get SALT Encoding   

  12  0:00  Probe  
  13  0:12  Probe  
  14  0:20  Pylon  
  14  0:24  Probe  
  15  0:34  Probe  
  15  0:39  Gateway  
  15  0:42  Probe  
  16  0:48  Assimilator  
  17  0:52  Probe  
  18  1:04  Probe  
  19  1:16  Probe  
  20  1:27  Cybernetics Core  
  20  1:34  Nexus  
  20  1:42  Pylon  
  20  1:44  Probe  
  21  1:56  Pylon, Adept  
  21  1:58  Assimilator  
  21  1:59  Probe  
  24  2:08  Warp Gate  
  24  2:11  Probe  
  25  2:16  Stalker  
  25  2:23  Probe  
  28  2:35  Probe  
  29  2:47  Probe  
  29  2:48  Stalker  
  32  2:56  Probe  
  33  2:59  Probe  
  33  3:04  Probe  
  34  3:07  Twilight Council  
  34  3:11  Probe  
  36  3:16  Probe  
  35  3:25  Probe  
  36  3:30  Gateway x2  
  36  3:31  Probe  
  37  3:36  Blink  
  37  3:38  Probe  
  37  3:40  Gateway  
  38  3:43  Probe  
  38  3:46  Assimilator  
  39  3:50  Probe  
  40  3:59  Robotics Facility, Stalker  
  40  4:00  Probe  
  43  4:03  Pylon  
  43  4:06  Probe  
  44  4:12  Probe  
  45  4:18  Probe  
  45  4:20  Pylon  
  45  4:21  Shield Battery  
  46  4:24  Stalker  
  46  4:25  Probe  
  46  4:28  Stalker  
  46  4:30  Probe  
  51  4:39  Observer  
  51  4:44  Probe  
  51  4:45  Probe  
  53  4:55  Pylon  
  53  4:56  Probe  
  53  4:59  Nexus  
  54  5:01  Observer  
  54  5:03  Pylon  
  54  5:05  Stalker  
  57  5:09  Stalker  
  57  5:13  Stalker  
  61  5:14  Probe  
  61  5:16  Probe  
  63  5:23  Stalker  
  65  5:30  Probe  
  65  5:33  Probe  
  60  5:38  Stalker x2  
  60  5:42  Probe  
  65  5:45  Probe  
  64  6:01  Probe x2  
  64  6:02  Charge  
  64  6:03  Observer  
  66  6:07  Gateway x2  
  66  6:08  Stalker  
  69  6:13  Probe x2  
  69  6:18  Probe  
  69  6:21  Warp Prism  
  71  6:26  Forge, Probe x2  
  73  6:32  Gateway  
  73  6:33  Probe  
  73  6:37  Sentry x2  
  73  6:39  Probe  
  80  6:40  Probe  
  80  6:45  Probe  
  81  6:50  Stalker x2  
  81  6:52  Probe  
  86  6:57  Immortal, Protoss Ground Weapons Level 1  
  86  6:59  Probe  
  90  7:12  Probe  
  90  7:14  Gateway, Probe  
  93  7:15  Probe  
  93  7:21  Pylon  
  93  7:25  Pylon  
  93  7:32  Pylon  
  93  7:40  Immortal, Probe  
  93  7:41  Zealot  
  93  7:43  Zealot x3  
  106  7:45  Pylon  
  106  7:49  Probe x2  
  102  8:07  Zealot  
  102  8:08  Zealot x6  
  102  8:09  Probe x3  
  102  8:12  Assimilator  
  115  8:15  Assimilator  
  115  8:16  Templar Archives  
  112  8:22  Photon Cannon  
  110  8:28  Zealot x5  
  120  8:35  Immortal  
  120  8:38  Pylon x2  
  124  8:47  Protoss Ground Armor Level 1  
  124  8:48  Probe  
  123  8:51  Zealot x4  
  125  8:56  Probe  
  125  8:59  Stalker x3  
  125  9:02  Stalker  
  128  9:09  Probe  
  128  9:10  Probe  
  128  9:14  Warp Prism  
  129  9:20  High Templar x4  
  129  9:23  Archon  
  137  9:24  Archon  
  139  9:38  Pylon  
  139  9:39  Pylon  
  139  9:40  Forge  
  139  9:41  Zealot  
  139  9:42  Pylon  
  141  9:47  Pylon  
  141  9:53  Nexus  
  141  9:57  Stalker x2  
  143  10:08  Stalker x3  
  143  10:13  Probe, Protoss Ground Weapons Level 2  
  150  10:20  High Templar  
  150  10:21  High Templar  
  154  10:29  Archon  
  154  10:32  Zealot x6  
  154  10:35  Pylon  
  166  10:43  Gateway  
  166  10:44  Pylon  
  166  10:46  Gateway  
  166  10:53  High Templar x2  
  166  10:55  Zealot  
  166  10:56  Zealot x3  
  178  10:59  Archon  
  178  11:02  Zealot  
  178  11:03  Zealot  
  179  11:16  Zealot x4  
  178  11:20  Protoss Ground Armor Level 2  
  178  11:30  Robotics Bay  
  178  11:38  Nexus  
  178  11:39  Pylon  
  178  11:44  Zealot  
  180  11:47  Pylon x2  
  180  11:54  Shield Battery  
  180  11:58  Zealot x4  
  182  12:07  Zealot x6  
  140  12:21  Disruptor  
  141  12:25  High Templar x4  
  141  12:26  Shield Battery  
  141  12:29  Archon x2, Assimilator  
  149  12:32  Zealot x3  
  155  12:37  Robotics Facility  
  155  12:40  High Templar  
  155  12:41  High Templar  
  159  12:45  Archon  
  159  12:46  Zealot  
  161  12:57  Disruptor  
  160  13:09  Probe  
  159  13:23  Zealot x4  
  160  13:34  Disruptor  
  160  13:39  Zealot x6  
  169  13:44  Stalker x2  
  169  13:45  Stalker x2  
  169  13:47  Disruptor  
  168  14:00  Stalker x2  
  150  14:03  Probe  
  150  14:04  Probe  
  150  14:07  Probe  
  153  14:10  Disruptor  
  153  14:12  Probe  
  153  14:16  Probe  
  150  14:17  Probe  
  150  14:23  Disruptor, Probe  
  154  14:25  Probe  
  154  14:28  Probe  
  157  14:34  Probe  
  154  14:45  Disruptor  
  154  14:48  Zealot  
  154  14:51  Zealot x9  
  177  14:53  Protoss Ground Armor Level 3  
  177  14:58  Disruptor  
  138  15:13  Zealot x6  
  119  15:18  Zealot  
  117  15:21  Disruptor  
  117  15:24  Zealot x2  
  124  15:31  Zealot  
  124  15:34  Zealot x3  
  132  15:38  High Templar x2  
  136  15:43  Archon  
  136  15:51  High Templar  
  136  15:52  Zealot x2, High Templar  
  136  15:53  Zealot  
  136  15:56  Archon  
  146  16:08  Assimilator  
  146  16:09  Colossus, Nexus  
  146  16:11  Assimilator  
  152  16:28  Colossus  
  152  16:30  Pylon  
  158  16:36  Stalker  
  158  16:37  Stalker  
  158  16:39  Zealot x2  
  164  16:49  Zealot x3  
  170  17:01  Zealot x4  
  165  17:11  Probe x3  
  166  17:22  Extended Thermal Lance  
  166  17:23  Probe x2  
  166  17:27  Pylon  
  168  17:33  Zealot  
  170  17:44  Zealot x5  
  180  17:57  Stalker  
  180  17:58  Stalker x2  
  186  18:04  Warp Prism  
  186  18:05  Observer  
  189  18:11  Probe  
  190  18:25  Stalker x4  
  188  18:38  Observer  
  157  19:03  Warp Prism  
  157  19:06  Stalker x5  
  157  19:07  Stalker x2  
  148  19:25  Disruptor  
  145  19:32  Zealot x7  
  145  19:36  Probe x2  
  145  19:37  Probe  
  162  19:46  Observer  
  162  19:48  Photon Cannon, Probe  
  162  19:51  Photon Cannon  
  162  19:52  Disruptor  
  164  19:58  Probe  
  164  19:59  Probe x2  
  170  20:08  Probe  
  155  20:27  Probe  
  156  20:31  Pylon  
  156  20:32  Zealot x2  
  156  20:33  Zealot x3  
  166  20:37  Observer  
Show
View Real Time Build Order
Export as new Build Order

Vindicta Terran 

Build Orders: Gas First Reaper Expand, Liberator Opening 

Get SALT Encoding   

  12  0:00  SCV  
  13  0:12  SCV  
  14  0:17  Supply Depot  
  14  0:24  SCV  
  14  0:27  Refinery  
  15  0:39  SCV  
  16  0:46  Barracks  
  16  0:51  SCV  
  17  1:03  SCV  
  18  1:15  SCV  
  19  1:33  Orbital Command, Reaper  
  20  1:51  Command Center  
  20  2:00  Factory  
  20  2:05  SCV  
  20  2:07  Reaper  
  22  2:14  Supply Depot  
  22  2:17  SCV  
  22  2:22  Refinery  
  23  2:36  SCV  
  24  2:43  Barracks Reactor  
  24  2:44  Hellion  
  24  2:48  SCV  
  27  2:57  Starport  
  27  3:00  SCV  
  27  3:07  Widow Mine  
  29  3:14  Orbital Command  
  29  3:19  Marine x2  
  29  3:21  SCV  
  31  3:30  Widow Mine  
  31  3:33  Medivac, SCV  
  36  3:37  Marine x2  
  36  3:40  Supply Depot, SCV  
  39  3:45  SCV  
  40  3:49  Liberator  
  40  3:52  SCV  
  40  3:55  Marine x2  
  42  3:57  Supply Depot, Factory Tech Lab  
  42  3:59  SCV  
  44  4:07  SCV  
  48  4:11  SCV  
  48  4:16  Siege Tank  
  53  4:19  SCV  
  53  4:22  Supply Depot, Marine  
  53  4:24  Marine  
  54  4:26  SCV  
  54  4:38  Bunker  
  54  4:40  Supply Depot, Marine, SCV  
  54  4:44  SCV  
  55  4:46  Marine  
  55  4:47  Bunker  
  55  4:52  Siege Tank, SCV  
  60  4:57  SCV  
  61  5:02  Barracks  
  61  5:04  SCV  
  61  5:05  Barracks  
  62  5:07  Starport Tech Lab  
  62  5:08  Marine  
  62  5:09  Refinery, Marine  
  62  5:12  SCV  
  65  5:18  SCV  
  65  5:21  Engineering Bay  
  65  5:24  SCV  
  66  5:30  Siege Tank  
  66  5:32  SCV  
  70  5:38  SCV  
  70  5:40  Supply Depot  
  71  5:44  Marine  
  71  5:47  Command Center  
  71  5:53  Marine  
  69  5:57  SCV  
  69  5:59  SCV  
  69  6:00  Stimpack  
  69  6:02  Barracks Tech Lab, Marauder, Command Center, Starport Reactor  
  71  6:06  Terran Infantry Weapons Level 1  
  71  6:09  SCV  
  75  6:16  Refinery  
  72  6:19  Marine x2  
  72  6:22  Combat Shield  
  72  6:25  Marauder  
  75  6:26  SCV  
  75  6:27  SCV  
  77  6:35  Factory Reactor  
  77  6:38  SCV  
  79  6:42  Barracks  
  79  6:43  Medivac  
  79  6:44  Medivac, Barracks  
  79  6:46  Marauder  
  82  6:47  Marine x2  
  82  6:49  SCV  
  82  6:53  SCV  
  86  6:56  Marauder  
  86  6:58  Liberator  
  86  7:02  Liberator  
  86  7:03  SCV  
  86  7:05  SCV  
  84  7:08  Supply Depot  
  84  7:09  Marauder  
  84  7:13  Widow Mine  
  84  7:14  Widow Mine  
  93  7:16  Missile Turret  
  93  7:17  Missile Turret  
  93  7:22  Marine  
  97  7:23  SCV  
  97  7:28  Orbital Command  
  98  7:31  Concussive Shells, Marine  
  98  7:36  Barracks Tech Lab  
  99  7:37  Marauder  
  99  7:40  Widow Mine  
  99  7:41  Widow Mine  
  99  7:43  Marine  
  106  7:45  Marine  
  106  7:46  Marine  
  108  7:52  Supply Depot  
  108  7:53  Marine  
  108  7:57  Orbital Command  
  107  7:59  Marauder  
  107  8:01  Marauder  
  107  8:02  SCV  
  107  8:03  Marine  
  107  8:04  Marauder  
  107  8:05  Marauder  
  113  8:10  Terran Infantry Armor Level 1  
  113  8:11  Marine  
  113  8:12  SCV  
  114  8:14  SCV  
  114  8:18  Widow Mine  
  114  8:19  Widow Mine  
  115  8:25  Marine  
  115  8:26  SCV x2  
  120  8:27  SCV  
  120  8:30  Marine  
  120  8:31  Supply Depot x2  
  120  8:32  Marine  
  120  8:35  Marine  
  120  8:36  Marine x2  
  120  8:39  SCV x2  
  125  8:44  Marine  
  125  8:45  SCV  
  114  8:50  Marauder, Marine  
  114  8:54  Widow Mine, SCV x2  
  115  8:55  Marine  
  115  8:57  SCV  
  115  9:01  Armory, Engineering Bay  
  117  9:06  Ghost Academy, SCV  
  115  9:11  Marine  
  115  9:14  Medivac x2  
  115  9:15  SCV x2  
  122  9:17  Refinery  
  122  9:18  Marauder, Refinery  
  122  9:22  Supply Depot, SCV  
  123  9:27  SCV x2  
  123  9:28  Marauder x3, Marine  
  123  9:29  Marine  
  133  9:37  Enhanced Shockwaves  
  133  9:39  Ghost, SCV  
  133  9:42  Missile Turret  
  133  9:43  Supply Depot  
  136  9:48  Ghost x2  
  136  9:49  Ghost  
  132  10:07  Terran Infantry Armor Level 2, Terran Infantry Weapons Level 2  
  132  10:10  Command Center  
  132  10:11  Ghost  
  132  10:12  Supply Depot x2  
  132  10:13  Marine  
  130  10:21  Medivac  
  130  10:26  Marauder, Marine  
  130  10:27  Ghost  
  127  10:36  Widow Mine x2  
  127  10:37  Marauder, Marine  
  127  10:40  Marine  
  133  10:43  Marine  
  133  10:45  Medivac  
  133  10:48  Marauder  
  138  10:50  Barracks  
  138  10:51  SCV  
  138  10:52  Barracks  
  138  10:54  Marine  
  142  10:57  Widow Mine, Marauder, Medivac  
  142  10:58  Marauder, Marine  
  142  11:01  Marine  
  150  11:08  Ghost  
  134  11:12  Marine  
  134  11:13  Orbital Command  
  134  11:14  SCV x2  
  134  11:15  Ghost  
  127  11:18  Marauder  
  127  11:19  Marine  
  127  11:20  Marauder  
  129  11:26  SCV  
  129  11:27  SCV  
  129  11:30  Marine  
  132  11:37  Marauder, Marine  
  132  11:38  SCV  
  132  11:39  Marine x2, SCV  
  138  11:41  Marauder  
  138  11:43  Medivac x2  
  138  11:44  Marine  
  145  11:48  SCV, Marine  
  145  11:51  Supply Depot, Marine, SCV x2  
  150  11:55  Marine  
  150  11:57  Supply Depot, Marine  
  150  12:00  Liberator, SCV  
  152  12:01  Liberator  
  125  12:09  Marine  
  125  12:10  Marine x2  
  125  12:11  Marauder, Marine  
  119  12:18  Marine  
  119  12:19  Marine  
  125  12:24  Terran Infantry Weapons Level 3  
  125  12:28  Command Center  
  127  12:30  SCV  
  127  12:31  SCV  
  127  12:32  Marine  
  127  12:33  Marine  
  127  12:36  Marauder, Supply Depot  
  131  12:37  Widow Mine x2  
  131  12:42  Marine  
  131  12:43  Marauder  
  136  12:45  Ghost  
  136  12:46  Marine x2  
  136  12:50  Marine  
  141  12:52  Marine  
  141  12:58  Ghost  
  144  13:02  Widow Mine x2  
  144  13:04  Ghost  
  143  13:07  Marine  
  138  13:15  SCV x2  
  138  13:17  SCV  
  138  13:18  Marine x2  
  137  13:22  Marauder, Marine x2  
  137  13:25  Marine  
  137  13:26  Marine  
  141  13:29  SCV  
  141  13:33  Marine  
  140  13:37  Marine  
  140  13:40  Marauder  
  132  13:43  Marine  
  132  13:44  Marauder  
  135  13:48  Marine  
  135  13:49  Marauder  
  128  13:56  Marine  
  128  13:57  Marauder, Marine  
  128  14:00  SCV  
  126  14:03  SCV  
  126  14:06  Marine  
  126  14:08  Marine  
  128  14:11  SCV  
  128  14:13  SCV  
  128  14:15  SCV  
  130  14:18  Marine  
  130  14:19  Planetary Fortress  
  130  14:23  Marine x2, SCV  
  130  14:24  Marine x3  
  132  14:28  SCV  
  132  14:29  SCV  
  136  14:31  Orbital Command  
  133  14:41  Ghost  
  133  14:42  Ghost  
  137  14:48  SCV x2  
  138  14:53  Marine  
  138  14:54  Marauder x2, Marine  
  141  15:00  SCV  
  141  15:04  Liberator  
  141  15:05  Liberator  
  141  15:06  Marine  
  141  15:07  Marine  
  125  15:10  Ghost  
  125  15:11  Marauder, Marine  
  125  15:13  Marine  
  121  15:15  SCV x3  
  126  15:27  SCV  
  134  15:31  Barracks Tech Lab  
  134  15:32  SCV x2  
  134  15:33  Starport, SCV  
  134  15:45  SCV  
  134  15:47  Sensor Tower, Terran Infantry Armor Level 3  
  134  15:49  Supply Depot  
  134  15:58  Marauder, Marine  
  134  15:59  Marauder, Marine x2  
  134  16:00  Liberator x3, Marine  
  143  16:07  Liberator  
  145  16:16  Marine  
  145  16:17  Marine x2  
  155  16:20  Personal Cloaking, Refinery x2  
  157  16:29  Marine  
  160  16:43  Liberator x3  
  158  16:47  Ghost, Ghost Academy  
  158  16:49  Ghost Academy  
  164  17:03  Marauder  
  164  17:04  Barracks Tech Lab  
  158  17:20  Starport  
  158  17:21  Nuke  
  158  17:22  Fusion Core  
  155  17:27  Nuke  
  155  17:30  Command Center  
  155  17:34  Marauder, Marine  
  149  17:37  Viking  
  158  17:39  Marine  
  158  17:41  Marine  
  158  17:43  Viking  
  164  17:49  Viking x2  
  159  17:54  Liberator  
  159  17:55  Liberator  
  159  17:58  Marine x2  
  154  18:01  Starport Tech Lab  
  153  18:19  Viking  
  156  18:25  Marine x2  
  156  18:26  Marauder x2, Marine  
  156  18:27  Marauder, Marine  
  159  18:29  Viking  
  159  18:31  Marauder  
  159  18:32  Liberator  
  162  18:35  Viking  
  157  18:43  Marine  
  157  18:47  Nuke  
  152  18:53  Marine  
  152  18:54  Marauder x3, Marine  
  132  19:05  Marine x2  
  132  19:06  Marauder  
  132  19:10  SCV  
  132  19:11  Marine  
  132  19:12  Liberator  
  122  19:26  Medivac  
  119  19:32  SCV  
  119  19:33  Orbital Command  
  119  19:38  Medivac  
  122  19:40  SCV  
  122  19:45  SCV  
  125  19:47  Liberator  
  125  19:48  Marine  
  125  19:51  Marine  
  126  19:54  Liberator, SCV  
  128  20:00  SCV  
  132  20:08  SCV  
  135  20:20  SCV  
  134  20:22  Orbital Command  
  134  20:26  SCV x2  
  134  20:27  Marine  
  127  20:32  Marine x2, SCV  
  127  20:33  Marauder x2  
  127  20:34  Marine  
  135  20:38  SCV  
  135  20:39  Marauder, Marine  
  139  20:45  Marine  
  140  20:53  SCV  
  140  20:55  Marine x2  
Tags
 
Add a new tag
Caveats
  • Supply blocks, unpowered buildings, or Contaminate may cause inaccurate times.
  • Supply counts are checked every 10 seconds.